 Dungeon Crawl Stone Soup version 0.29.1-2-gbd0b4ee654 (webtiles) character file.

Game seed: 10582173485526025162

54 DildoBatman the Conjurer (level 4, 0/32 HPs)
             Began as a Formicid Conjurer on Nov 25, 2022.
             Frozen to death by an endoplasm (4 damage)
             ... on level 3 of the Dungeon.
             The game lasted 00:03:19 (1627 turns).

DildoBatman the Conjurer (Formicid Conjurer)        Turns: 1627, Time: 00:03:20

Health: 0/32       AC:  3    Str: 12    XL:     4   Next: 12%
Magic:  6/8        EV:  9    Int: 19    God:
Gold:   205        SH:  0    Dex: 12    Spells: 5/8 levels left

rFire   . . .      SeeInvis +   i - +0 spear
rCold   . . .      Faith    .   (no shield)
rNeg    . . .      Spirit   .   a - +0 robe
rPois   .          Reflect  .   (helmet unavailable)
rElec   .          Harm     .   (no cloak)
rCorr   .          Rampage  .   (no gloves)
Will    .....                   j - +0 pair of boots
Stlth   ++........              (no amulet)
HPRegen 0.10/turn               (no ring)
MPRegen 0.11/turn               (no ring)

@: constricted
A: permanent stasis, dig shafts and tunnels, antennae 3, four strong arms
a: Dig, Shaft Self


You were on level 3 of the Dungeon.
You visited 1 branch of the dungeon, and saw 3 of its levels.

You collected 205 gold pieces.

Inventory:

Hand Weapons
 i - a +0 spear (weapon)
Missiles
 f - 50 stones
Armour
 a - a +0 robe (worn)
 d - a +0 tower shield
 j - a +0 pair of boots (worn)
 p - a +0 kite shield
Jewellery
 g - a ring of protection from fire
 r - a ring of protection from cold
Scrolls
 c - 3 scrolls of vulnerability {unknown}
 l - 2 scrolls of immolation {unknown}
 n - 2 scrolls of identify {unknown}
 q - a scroll of teleportation {unknown}
Potions
 b - a potion of magic
 e - 3 potions of mutation {unknown}
 h - a potion of flight {unknown}
 k - a potion of brilliance {unknown}
 m - a potion of might {unknown}
 o - a potion of berserk rage {unknown}


   Skills:
 * Level 1.6 Fighting
 * Level 1.5 Armour
 - Level 2.0 Dodging
 - Level 2.4 Stealth
 * Level 2.7 Spellcasting
 * Level 3.9 Conjurations


You had 5 spell levels left.
You knew the following spells:

 Your Spells              Type           Power      Damage    Failure   Level
a - Searing Ray           Conj           34%        2d5       4%          2
c - Magic Dart            Conj           68%        1d6       3%          1

Your spell library contained the following spells:

 Spells                   Type           Power      Damage    Failure   Level
 Dazzling Flash           Conj/Hex       20%        N/A       21%         3
 Fulminant Prism          Conj/Hex       5%         3d7       56%         4
 Iskenderun's Mystic Bla  Conj/Tloc      10%        2d4       56%         4


Dungeon Overview and Level Annotations

Branches:
Dungeon (3/15)

Altars:

Annotations:
D:2 exclusion: kobold, Jessica


Innate Abilities, Weirdness & Mutations

You cannot be hasted, slowed, berserked, paralysed or teleported.
You can dig through walls and to a lower floor.
You have a pair of large antennae on your head. (SInv)
Your four strong arms can wield two-handed weapons with a shield.


Message History

Orders for allies: a - Attack new target. r - Retreat! s - Stop attacking. g - Guard the area. f - Follow me.
Anything else - Cancel.
You shout for attention!
The ball python bites you. The bat hits you but does no damage.
The ball python closely misses you. The ball python constricts you.
The endoplasm closely misses you. The hobgoblin barely misses you.
The ball python closely misses you. What are your orders? t - Shout!
Orders for allies: a - Attack new target. r - Retreat! s - Stop attacking. g - Guard the area. f - Follow me.
Anything else - Cancel.
You shout for attention!
The bat hits you but does no damage. The ball python barely misses you.
The ball python constricts you. The ball python barely misses you.
The endoplasm hits you.
The hobgoblin hits you but does no damage.
What are your orders? t - Shout!
Orders for allies: a - Attack new target. r - Retreat! s - Stop attacking. g - Guard the area. f - Follow me.
Anything else - Cancel.
You shout for attention!
The bat hits you but does no damage.
The ball python bites you but does no damage.
The ball python constricts you.
The ball python bites you but does no damage.
The hobgoblin hits you. The endoplasm freezes you.
You are frozen.
You die...

#...................######
..<.......# { .
.####...### .. ###.#
...######.## ##.
#..........#....
#........#......
.......J.#..####
#....).S@S..#
#......g..b..#
..............#
......[.......#
..............#
................
..............#.
.............#


You could see an endoplasm, a hobgoblin, a bat and 2 ball pythons.

Vanquished Creatures
  2 adders (D:3)
  A worm (D:2)
  A dart slug (D:3)
  3 endoplasms
  2 giant cockroaches
  4 goblins
  3 hobgoblins
  3 kobolds
  3 quokkas
  4 bats
  A frilled lizard (D:1)
  3 rats
30 creatures vanquished.

Vanquished Creatures (others)
  5 fungi (D:2)
5 creatures vanquished.

Grand Total: 35 creatures vanquished

Notes
Turn   | Place    | Note
-------+----------+-------------------------------------------
     0 | D:1      | DildoBatman the Formicid Conjurer began the quest for the
                  | Orb.
     0 | D:1      | Reached XP level 1. HP: 13/13 MP: 3/3
   547 | D:1      | Found a faded altar of an unknown god.
   617 | D:1      | Reached XP level 2. HP: 20/20 MP: 0/5
   620 | D:1      | Learned a level 2 spell: Searing Ray
   957 | D:2      | Reached skill level 1 in Fighting
   957 | D:2      | Reached skill level 1 in Armour
   957 | D:2      | Reached XP level 3. HP: 23/26 MP: 2/6
   974 | D:2      | Noticed Jessica
  1612 | D:3      | Reached XP level 4. HP: 32/32 MP: 4/8
  1627 | D:3      | Frozen to death by an endoplasm

Illustrated notes

Levels and vault maps discovered:
D:1:      minmay_arrival_hallway, layout_loops_ring,
          ebering_ecumenical_altar_hall, nrook_uturn
D:2:      layout_basic, serial_park_tiny_pond, uniq_crazy_yiuf_cottage,
          uniq_jessica
D:3:      layout_rooms

Skill      XL: |  1  2 |
---------------+-------+-----
Dodging        | 2 |  2.0
Fighting       | 1 |  1.6
Armour         | 1 |  1.5
Stealth        | |  2.4
Spellcasting   | |  2.7
Conjurations   | |  3.9

Action                   |  1- 3 |  4- 6 || total
-------------------------+-------+-------++-------
Melee: Spear             |    37 |       ||    37
 Cast: Magic Dart        |    48 |       ||    48
       Searing Ray       |     4 |       ||     4
 Stab: Sleeping          |     2 |       ||     2
Armor: Robe              |     5 |    17 ||    22
Dodge: Dodged            |    23 |    22 ||    45
